 Dungeon Crawl Stone Soup version 0.32-a0-705-g60f233581c (webtiles) character file.

Game seed: 18010013021451589174

2893 Malificent the Grappler (level 9, -1/102 HPs)
             Began as a Black Draconian Shapeshifter on Mar 14, 2024.
             Was an Initiate of Jiyva.
             Slain by a troll (7 damage)
             ... led by the wrath of Beogh
             ... on level 6 of the Dungeon.
             The game lasted 00:32:11 (6855 turns).

Malificent the Grappler (DrSh)                      Turns: 6855, Time: 00:32:11

Health: -1/102     AC: 24    Str: 19    XL:     9   Next: 48%
Magic:  15/15      EV:  2    Int: 12    God:    Jiyva [......]
Gold:   315        SH:  0    Dex: 11    Spells: 9/16 levels left

rFire   + .          .
                       - Unarmed
rCold   . . .        (no shield)
rNeg    . . .        (body armour unavailable)
rPois   +            (helmet currently unavailable)
rElec   .            (cloak currently unavailable)
rCorr   +            (gloves currently unavailable)
SInv    .            (boots currently unavailable)
Will    +....        (no amulet)
Stlth   ++           k - ring of Equivalence {rF+ rCorr}
HPRegen 0.37/turn    p - ring of poison resistance
MPRegen 0.14/turn

%: no passive effects
@: tree-form, enlightened, hasted, very quick
A: stationary, stasis, torment immunity, boosted hp, (galvanic breath), AC +7,
unfitting armour, (electricity resistance), (cold-blooded)
a: Renounce Religion


You were on level 6 of the Dungeon.
You worshipped Jiyva.
Jiyva was noncommittal.
You were a tree.
You visited 1 branch of the dungeon, and saw 6 of its levels.
You also visited: Sewer and Ossuary.

You collected 315 gold pieces.

Inventory:

Hand Weapons
 y - the +7 sling "Erghugg" {freeze, rC+ Str+4}
   (You found it on level 5 of the Dungeon)

   Str+4:     It affects your strength (+4).
   rC+:       It protects you from cold.
Missiles
 j - 3 poisoned darts
 q - 3 javelins (quivered)
Armour
 v - a +2 hat
Magical Staves
 r - a staff of air
Jewellery
 d - a ring of protection from fire
 e - a ring of positive energy
 k - the ring of Equivalence (left branch) {rF+ rCorr}
   (You found it on level 2 of the Dungeon)

   [ring of resist corrosion]

   rF+:       It protects you from fire.
   rCorr:     It protects you from acid and corrosion.
 p - a ring of poison resistance (right branch)
 u - a ring of protection from cold
 A - a ring of fire
 B - an amulet of magic regeneration
Talismans
 b - a beast talisman (active)
 c - a flux talisman
Wands
 t - a wand of mindburst (8)
Scrolls
 o - 2 scrolls of fog
Potions
 g - a potion of brilliance {unknown}
 h - a potion of ambrosia
 i - 4 potions of resistance
 m - 3 potions of enlightenment
 n - 2 potions of haste
 s - a potion of might {unknown}
 w - a potion of heal wounds {unknown}
 x - 2 potions of curing
 z - a potion of attraction {unknown}
 C - 3 potions of mutation {unknown}


   Skills:
 + Level 2.8 Fighting
 + Level 2.2 Throwing
 + Level 4.7 Dodging
 + Level 1.6 Stealth
 + Level 8.5 Unarmed Combat
 * Level 4.1 Spellcasting
 * Level 4.5 Air Magic
 + Level 0.1 Evocations
 * Level 5.8 Shapeshifting


You had 9 spell levels left.
You knew the following spells:

 Your Spells              Type           Power      Damage    Failure   Level
a - Airstrike             Air            6%         2d(1-17)  32%         4
b - Swiftness             Air            13%        N/A       10%         3

Your spell library contained the following spells:

 Spells                   Type           Power      Damage    Failure   Level
 Shock                    Conj/Air       28%        1d4       9%          1
 Cigotuvi's Dreadful Rot  Necr/Alch/Air  12%        N/A       19%         2
 Apportation              Tloc           4%         N/A       22%         1
 Necrotise                Necr           8%         1d4       22%         1
 Sting                    Conj/Alch      8%         1d3       22%         1
 Summon Small Mammal      Summ           8%         N/A       22%         1
 Lesser Beckoning         Tloc           4%         N/A       32%         2
 Gell's Gravitas          Tloc           2%         N/A       54%         3
 Teleport Other           Tloc           2%         N/A       54%         3
 Animate Dead             Necr           2%         N/A       91%         4
 Ignite Poison            Fire/Alch      2%         N/A       91%         4
 Freezing Cloud           Conj/Ice/Air   3%         6-21      97%         5
 Borgnjor's Vile Clutch   Necr/Erth      1%         N/A       99%         5
 Death Channel            Necr           1%         N/A       100%        6


Dungeon Overview and Level Annotations

Branches:
Dungeon (6/15)             Temple (0/1) D:6           Sewer (visited)
Ossuary (visited)

Altars:
Gozag

Annotations:
D:2 1 runed translucent door, Crazy Yiuf


Innate Abilities, Weirdness & Mutations

You are a tree.
Your roots penetrate the ground, keeping you stationary.
You cannot be teleported.
You are immune to unholy pain and torment.
Your maximum health is greatly increased.
Your equipment is partially melded.
Your facial features look somewhat orcish.
((You can breathe arcing electricity.))
((Your glossy black scales are hard. (AC +7)))
You cannot fit into any form of body armour.
((You are resistant to electric shocks. (rElec)))
((You are cold-blooded and may be slowed by cold attacks.))


Message History

You feel invigorated.
The troll shouts!
The orc priest shouts!
The orc shouts! x3
You are too confused!
You feel very buoyant.
You fly up into the air.
The troll closely misses you. The troll claws you. The troll barely misses you.
The orc knight closely misses you.
Okay, then.
Okay, then.
You are too confused!
Okay, then.
Your transformation has ended.
You turn into a tree.
Your roots penetrate the ground.
The troll bites you but does no damage. The troll claws you but does no damage.
The troll claws you!
The orc knight hits you with a +0 battleaxe.
The troll bites you!
The troll claws you but does no damage. x2
The orc knight roars a battlecry!
The orcs go into a battle-frenzy!
The troll bites you but does no damage. The troll claws you.
The troll claws you but does no damage.
The orc knight hits you with a +0 battleaxe!
The troll bites you!
* * * LOW HITPOINT WARNING * * *
The troll claws you but does no damage. The troll barely misses you.
The orc knight hits you with a +0 battleaxe!
* * * LOW HITPOINT WARNING * * *
The orc priest invokes the aid of Beogh against you.
Beogh smites you!
* * * LOW HITPOINT WARNING * * *
It was a potion of haste.
You feel yourself speed up.
You feel less invigorated.
You feel less confused. The troll bites you.
* * * LOW HITPOINT WARNING * * *
The troll claws you.
* * * LOW HITPOINT WARNING * * *
The troll claws you!
You die...
Jiyva sends a jelly to digest your remains.
Beogh appreciates the troll's killing of an apostate.

###**##########
#..,,,.....,..#
#.#***#..#**#.#
#.#####..####.#
#.##..........#
#.##..#..#.#..# #
#.##.....#.#..#######
##########
#.............oT♣ooo#
#.........
#####.#.####.######o#
##..#######
###.#.####.# #.#
#..#.......
#..........#
#.###.##.≈≈≈≈≈≈
#..#.##.#######
#......#≈..≈≈≈.
##.###.#.#.....#
######.#≈.≈...≈ #.#*
##..#.....#
##.#≈.≈._.≈
##.###.#.#.....#
##..#≈.≈...≈
#..#....#.....#
#...#≈..≈≈≈.


You could see an orc knight, a troll, an orc priest (strong) and 3 orcs.

Vanquished Creatures
  A two-headed ogre (D:6)
  An orc high priest (D:6)
  2 dancing weapons (D:6)
  A warg (D:6)
  A water moccasin (D:5)
  A sky beast (D:6)
  2 orc warriors (D:6)
  3 black bears
  3 ogres (D:5)
  2 phantoms (D:6)
  A weeping skull (Ossuary)
  2 scorpions (D:5)
  2 burial acolytes (Ossuary)
  A wyvern skeleton (D:6)
  A bombardier beetle (D:5)
  4 bullfrog zombies (D:6)
  2 human zombies (Ossuary)
  5 jellies
  An orc priest (D:3)
  2 bullfrog skeletons (D:6)
  Terence (D:3)
  8 iguanas
  Natasha (twice) (D:3)
  A killer bee zombie (D:6)
  4 hound zombies (Ossuary)
  2 mummies (Ossuary)
  7 gnolls
  8 adders
  A river rat (Sewer)
  2 white imps (D:6)
  2 ufetubi (D:6)
  A dart slug (D:1)
  2 ribbon worms
  12 orcs
  10 ball pythons
  7 bats
  11 endoplasms
  12 giant cockroaches
  4 gnoll zombies (Ossuary)
  8 goblins
  5 hobgoblins
  8 jackals (D:1)
  3 quokkas
  9 frilled lizards
  8 kobolds
  4 orc zombies (Ossuary)
  9 rats
189 creatures vanquished.

Vanquished Creatures (others)
  A jelly (D:6)
  An orc (D:6)
2 creatures vanquished.

Grand Total: 191 creatures vanquished

Notes
Turn   | Place    | Note
-------+----------+-------------------------------------------
     0 | D:1      | Malificent the Draconian Shapeshifter began the quest for
                  | the Orb.
     0 | D:1      | Reached XP level 1. HP: 16/16 MP: 1/1
   100 | D:1      | Reached XP level 2. HP: 22/23 MP: 2/2
   321 | D:1      | Reached XP level 3. HP: 25/28 MP: 3/3
   422 | D:1      | You fall into a shaft and drop 1 floor!
  1039 | D:2      | Identified the ring of Equivalence {rF+ rCorr}
  1092 | D:2      | Found a runed translucent door.
  1093 | D:2      | Noticed Crazy Yiuf
  1140 | D:2      | Reached XP level 4. HP: 17/35 MP: 4/4
  1759 | D:2      | Found a faded altar of an unknown god.
  2232 | D:3      | Reached skill level 4 in Unarmed Combat
  2353 | D:3      | Noticed Terence
  2371 | D:3      | Killed Terence
  2372 | D:3      | Reached XP level 5. HP: 23/40 MP: 5/5
  2512 | D:3      | Noticed Natasha
  2516 | D:3      | Killed Natasha
  2898 | D:3      | Noticed Natasha
  2916 | D:3      | Killed Natasha
  2917 | D:3      | Reached skill level 5 in Unarmed Combat
  2917 | D:3      | Reached XP level 6. HP: 20/48 MP: 6/6
  3452 | D:4      | Learned a level 4 spell: Airstrike
  3496 | D:4      | Became a worshipper of Beogh the Shepherd
  4029 | D:5      | Entered Level 5 of the Dungeon
  4053 | D:5      | Found a sand-covered staircase.
  4058 | Ossuary  | Entered an ossuary
  4270 | Ossuary  | Reached skill level 1 in Stealth
  4300 | Ossuary  | Reached skill level 1 in Spellcasting
  4309 | Ossuary  | Your scales start taking on a glossy black colour.
  4309 | Ossuary  | Reached XP level 7. HP: 37/55 MP: 8/8
  4309 | Ossuary  | Gained mutation: You are resistant to electric shocks.
                  | (rElec) [Black Draconian growth]
  4472 | Ossuary  | Reached * piety under Beogh
  4611 | Ossuary  | Reached skill level 6 in Unarmed Combat
  4903 | D:5      | Reached skill level 5 in Shapeshifting
  5071 | D:5      | Reached XP level 8. HP: 61/62 MP: 10/10
  5212 | D:5      | Identified the +7 sling "Erghugg" {freeze, rC+ Str+4}
  5429 | D:5      | Learned a level 3 spell: Swiftness
  5455 | D:6      | Reached skill level 7 in Unarmed Combat
  5455 | D:6      | Noticed a two-headed ogre
  5463 | D:6      | Killed a two-headed ogre
  5464 | D:6      | Reached skill level 1 in Throwing
  5464 | D:6      | Reached XP level 9. HP: 56/68 MP: 12/14
  5533 | D:6      | Found an opulent altar of Gozag.
  5950 | D:6      | Found a staircase to the Ecumenical Temple.
  6018 | D:6      | Found a glowing drain.
  6021 | D:6      | Reached ** piety under Beogh
  6030 | Sewer    | Entered a sewer
  6147 | Sewer    | Reached skill level 8 in Unarmed Combat
  6327 | Sewer    | Found a viscous altar of Jiyva.
  6338 | Sewer    | Fell from the grace of Beogh
  6338 | Sewer    | Became a worshipper of Jiyva Juagubia the Shapeless
  6555 | D:6      | Noticed a +0 morningstar of electrocution
  6555 | D:6      | Noticed a +1 short sword of electrocution
  6555 | D:6      | Killed a +1 short sword of electrocution
  6560 | D:6      | Killed a +0 morningstar of electrocution
  6815 | D:6      | Noticed an orc high priest
  6820 | D:6      | Killed an orc high priest
  6849 | D:6      | Noticed an orc knight
  6849 | D:6      | Noticed a troll
  6855 | D:6      | Slain by a troll

Illustrated notes

Levels and vault maps discovered:
D:1:      dpeg_arrival_round_b, layout_basic
D:2:      layout_loops_ring, hellmonk_ecumenical_altar_pennies_from_heaven,
          uniq_crazy_yiuf_cottage
D:3:      layout_basic, minmay_cupped, uniq_natasha, uniq_terence
D:4:      layout_cave_pools, minmay_misc_feat_four_crosses
D:5:      layout_rooms, enter_ossuary_2
D:6:      layout_loops_cross, mainiacjoe_overflow_paths,
          minmay_temple_entry_sparse_star, serial_undead, serial_undead_d,
          serial_undead_d, serial_undead_f, serial_undead_c,
          portal_sewer_entry_d

Skill      XL: |  1  2  3  4  5  6  7  8  9 |
---------------+----------------------------+-----
Dodging        | 2 3 4 |  4.7
Shapeshifting  | 4 5 |  5.8
Unarmed Combat | 4 5 6 7 8 |  8.5
Fighting       | 2 |  2.8
Stealth        | 1 |  1.6
Spellcasting   | 1 3 4 |  4.1
Air Magic      | 2 3 4 |  4.5
Throwing       | 1 2 |  2.2
Evocations     | |  0.1

Action                     |  1- 3 |  4- 6 |  7- 9 || total
---------------------------+-------+-------+-------++-------
  Melee: Unarmed           |    98 |   206 |   227 ||   531
         Tailslap          |    13 |    26 |    33 ||    72
         Punch             |     1 |     6 |    13 ||    20
  Throw: Dart              |       |     1 |       ||     1
         Javelin           |       |     8 |    23 ||    31
 Invoke: Convert to Beogh  |       |     1 |       ||     1
Ability: Galvanic Breath   |       |       |     5 ||     5
  Evoke: Wand              |       |     3 |     7 ||    10
    Use: Scroll            |     1 |     7 |     8 ||    16
         Potion            |       |       |     5 ||     5
   Stab: Sleeping          |       |     2 |     2 ||     4
 Armour: Skin              |    51 |   104 |   161 ||   316
  Dodge: Dodged            |    61 |   112 |   130 ||   303

Table legend: (Time is in decaauts)
 A = Elapsed time spent in this place.
 B = Non-inter-level travel time spent in this place.
 C = Inter-level travel time spent in this place.
 D = Time resting spent in this place.
 E = Time spent auto-exploring this place.
 F = Levels seen in this place.
 G = Mean time per level.
                   A        B        C        D        E       F      G
               +--------+--------+--------+--------+--------+-----+--------+
         Total |   6874 |   6587 |    287 |   1259 |   3044 |   8 |  859.2 |
       Dungeon |   5722 |   5435 |    287 |    844 |   2970 |   6 |  953.7 |
         Sewer |    389 |    389 |      0 |    124 |     22 |   1 |  389.0 |
       Ossuary |    762 |    762 |      0 |    291 |     52 |   1 |  762.0 |
               +--------+--------+--------+--------+--------+-----+--------+

Top non-repeatable levels by time:
     D:3: 1268 daAuts
     D:2: 1151 daAuts
     D:6: 1052 daAuts
     D:1: 891 daAuts
 Ossuary: 762 daAuts
     D:4: 713 daAuts
     D:5: 644 daAuts
   Sewer: 389 daAuts
